 Dungeon Crawl Stone Soup version 0.29.1-15-g9cfb28693d (webtiles) character file.

Game seed: 4502219899224007178

5404 firemarshallily the Covert (level 10, -16/71 HPs)
             Began as an Octopode Brigand on Mar 2, 2023.
             Was a Believer of Uskayaw.
             Demolished by a two-headed ogre
             ... wielding a +0 giant club
              (23 damage)
             ... on level 9 of the Dungeon.
             The game lasted 00:25:28 (10104 turns).

firemarshallily the Covert (Octopode Brigand)      Turns: 10104, Time: 00:25:29

Health: -16/71     AC:  1    Str: 11    XL:     10   Next: 67%
Magic:  10/10      EV: 18    Int: 13    God:    Uskayaw [**....]
Gold:   369        SH:  0    Dex: 24    Spells: 9/9 levels left

rFire   + . .      SeeInvis .   D - +5 dagger
rCold   . . .      Faith    .   (no shield)
rNeg    . . .      Spirit   .   (helmet restricted)
rPois   .          Reflect  .   (no amulet)
rElec   .          Harm     .   l - +6 ring of dexterity
rCorr   .          Rampage  .   u - ring of willpower
Will    +....                   y - ring of protection from fire
Stlth   ++++++....              (no ring)
HPRegen 0.21/turn               (no ring)
MPRegen 0.12/turn               (no ring)
                                (no ring)
                                (no ring)

@: no status effects
A: almost no armour, amphibious, 8 rings, camouflage 1, gelatinous body 1,
(nimble swimmer 1), tentacles
a: Renounce Religion, Stomp, Line Pass


You were on level 9 of the Dungeon.
You worshipped Uskayaw.
Uskayaw was noncommittal.
You visited 2 branches of the dungeon, and saw 10 of its levels.

You collected 390 gold pieces.
You spent 21 gold pieces at shops.

Inventory:

Hand Weapons
 x - the +10 flail of Hatred {vorpal, rCorr Int+3 Stlth-}
   (You took it off an orc on level 6 of the Dungeon)

   It inflicts extra damage upon your enemies.
   Int:       It affects your intelligence (+3).
   rCorr:     It protects you from acid and corrosion.
   Stlth:     It makes you less stealthy.
 D - a +5 dagger (weapon)
Missiles
 b - 32 poisoned darts (quivered)
 c - 4 curare-tipped darts
 s - a silver boomerang
 B - 3 silver javelins
Jewellery
 l - a +6 ring of dexterity (left tentacle)
 u - a ring of willpower (right tentacle)
 y - a ring of protection from fire (on tentacle)
Wands
 a - a wand of iceblast (12)
 r - a wand of polymorph (9)
Scrolls
 d - 2 scrolls of torment
 g - 2 scrolls of enchant armour
 h - 4 scrolls of amnesia
 j - a scroll of vulnerability
 k - 2 scrolls of summoning
 m - 4 scrolls of teleportation
 q - 3 scrolls of blinking
 z - a scroll of poison
Potions
 e - 5 potions of heal wounds
 f - 3 potions of lignification {unknown}
 i - 3 potions of brilliance {unknown}
 n - 2 potions of attraction {unknown}
 o - 4 potions of flight {unknown}
 p - 4 potions of curing {unknown}
 t - a potion of degeneration {unknown}
 v - 3 potions of berserk rage {unknown}
 w - 4 potions of haste {unknown}
 A - 3 potions of cancellation {unknown}
 C - a potion of mutation {unknown}
 E - a potion of invisibility {unknown}


   Skills:
 + Level 7.3 Fighting
 - Level 10.0 Short Blades
 - Level 2.0 Throwing
 + Level 6.5 Dodging
 + Level 11.8 Stealth


You had 9 spell levels left.
You didn't know any spells.
Your spell library contained the following spells:

 Spells                   Type           Power      Damage    Failure   Level
 Apportation              Tloc           0%         N/A       30%         1
 Necrotise                Necr           0%         1d4       30%         1
 Slow                     Hex            0%         N/A       30%         1
 Summon Small Mammal      Summ           0%         N/A       30%         1
 Sublimation of Blood     Necr           0%         N/A       43%         2
 Wereblood                Tmut           0%         N/A       43%         2
 Confusing Touch          Hex            0%         N/A       67%         3
 Gell's Gravitas          Tloc           0%         N/A       67%         3
 Vampiric Draining        Necr           0%         2d6       67%         3
 Petrify                  Tmut/Erth      0%         N/A       97%         4
 Irradiate                Conj/Tmut      0%         3d11      100%        5
 Summon Forest            Summ/Tloc      0%         N/A       100%        5
 Eringya's Noxious Bog    Tmut/Pois      0%         N/A       100%        6
 Summon Hydra             Summ           0%         N/A       100%        7


Dungeon Overview and Level Annotations

Branches:
Dungeon (9/15)             Temple (1/1) D:5
   Lair: D:8-11         Orc: D:9-12

Altars:
Cheibriados
Dithmenos
Elyvilon
Fedhas
Gozag
Hepliaklqana
Kikubaaqudgha
Makhleb
Nemelex Xobeh
Okawaru
Qazlal
Ru
Sif Muna
Trog
Uskayaw
Vehumet
Xom
Yredelemnul
Zin
The Shining One

Shops:
D:1 *   D:6 [

Annotations:
D:2 Sigmund
D:5 2 transporters, leafyfresh's ghost, weakling OpDe


Innate Abilities, Weirdness & Mutations

You cannot wear most types of armour.
You are amphibious.
You can wear up to eight rings at the same time.
Your skin changes colour to match your surroundings (Stealth+).
Your rubbery body absorbs attacks. (AC +1, EV +1)
((You are camouflaged when in or above water. (Stealth+)))
You have tentacles for arms and can constrict up to eight enemies at once.


Message History

You completely miss the two-headed ogre.
The two-headed ogre shouts in stereo!
The two-headed ogre hits you with a +0 giant club!
The two-headed ogre closely misses you.
You hit the two-headed ogre.
The two-headed ogre is lightly wounded.
You hit the two-headed ogre but do no damage.
You squeeze the two-headed ogre, but do no damage.
The two-headed ogre is lightly wounded.
You hit the two-headed ogre.
The two-headed ogre is lightly wounded.
The two-headed ogre barely misses you. The two-headed ogre closely misses you.
You hit the two-headed ogre.
The two-headed ogre is lightly wounded.
You barely miss the two-headed ogre.
The two-headed ogre is lightly wounded.
You puncture the two-headed ogre!
The two-headed ogre is moderately wounded.
The two-headed ogre hits you with a +0 giant club!!
The two-headed ogre completely misses you.
You can now pass through a line of other dancers.
You barely miss the two-headed ogre. You squeeze the two-headed ogre!
The two-headed ogre is heavily wounded.
You hit the two-headed ogre.
The two-headed ogre is heavily wounded.
You hit the two-headed ogre but do no damage.
You squeeze the two-headed ogre, but do no damage.
The two-headed ogre is heavily wounded.
The two-headed ogre hits you with a +0 giant club!
The two-headed ogre barely misses you.
You hit the two-headed ogre.
The two-headed ogre is severely wounded.
You barely miss the two-headed ogre.
The two-headed ogre is severely wounded.
You hit the two-headed ogre.
The two-headed ogre is severely wounded.
The two-headed ogre hits you with a +0 giant club!!
* * * LOW HITPOINT WARNING * * *
The two-headed ogre hits you with a +0 giant spiked club!!
You die...

..#
###..........#
..#
#####'######
### #..# ##.#
#.# #.#
#####'######
#..........#
#.......@..#
#........O.#
#..........+
#..........#
+..........#
#..........#
#..........#
######+####


You could see a two-headed ogre.

Vanquished Creatures
  A two-headed ogre (D:4)
  Joseph (D:7)
  A shadow (D:7)
  A yak (D:8)
  A wyvern (D:8)
  Grum (D:8)
  A steam dragon (D:7)
  A water moccasin (D:9)
  3 black bears
  An orc warrior (D:6)
  An ice beast (D:8)
  An ogre (D:4)
  A sky beast (D:6)
  3 wolves (D:8)
  2 centaurs
  2 phantoms (D:6)
  2 kobold brigands
  2 bullfrogs (D:8)
  A gnoll sergeant (D:7)
  A necrophage (D:8)
  5 scorpions
  8 wights
  3 killer bees (D:8)
  A howler monkey (D:6)
  3 jellies
  12 orc priests
  5 hounds
  5 iguanas
  Jessica (D:2)
  Natasha (thrice) (D:3)
  9 orc wizards
  6 adders
  6 gnolls
  A shadow imp (D:6)
  4 worms
  3 dart slugs
  32 orcs
  5 bats
  9 endoplasms
  3 giant cockroaches
  3 hobgoblins
  2 jackals (D:4)
  2 quokkas
  9 ball pythons
  3 frilled lizards
  9 goblins
  22 kobolds
  7 rats
209 creatures vanquished.

Vanquished Creatures (others)
  10 fungi
  18 plants
28 creatures vanquished.

Grand Total: 237 creatures vanquished

Notes
Turn   | Place    | Note
-------+----------+-------------------------------------------
     0 | D:1      | firemarshallily the Octopode Brigand began the quest for
                  | the Orb.
     0 | D:1      | Reached XP level 1. HP: 14/14 MP: 1/1
   356 | D:1      | Found Penticejang's Assorted Antiques.
   366 | D:1      | Bought a green potion for 21 gold pieces
   401 | D:1      | Reached XP level 2. HP: 16/19 MP: 2/2
  1034 | D:2      | Reached skill level 6 in Stealth
  1034 | D:2      | Reached XP level 3. HP: 25/25 MP: 3/3
  1045 | D:2      | Reached XP level 4. HP: 7/30 MP: 4/4
  1500 | D:2      | Noticed Jessica
  1506 | D:2      | Killed Jessica
  1647 | D:2      | Noticed Sigmund
  1650 | D:2      | Reached XP level 5. HP: 32/36 MP: 5/5
  2281 | D:3      | Reached skill level 7 in Stealth
  2541 | D:3      | Found a blossoming altar of Fedhas.
  2542 | D:3      | Found a stormy altar of Qazlal.
  2591 | D:3      | Reached XP level 6. HP: 34/42 MP: 6/6
  2818 | D:3      | Noticed Natasha
  2824 | D:3      | Killed Natasha
  2957 | D:3      | Noticed Natasha
  2963 | D:3      | Killed Natasha
  3131 | D:3      | Noticed Natasha
  3226 | D:3      | Killed Natasha
  3423 | D:4      | Reached XP level 7. HP: 11/46 MP: 7/7
  3704 | D:4      | Reached skill level 5 in Short Blades
  3704 | D:4      | Reached skill level 8 in Stealth
  3883 | D:4      | Noticed a two-headed ogre
  3925 | D:4      | Killed a two-headed ogre
  3926 | D:4      | Reached skill level 9 in Stealth
  3926 | D:4      | Reached XP level 8. HP: 24/54 MP: 8/8
  4484 | D:5      | Entered Level 5 of the Dungeon
  4769 | D:5      | Reached skill level 5 in Fighting
  4856 | D:5      | Identified the +5 ring mail of Fortitude {rN+ rCorr Int-2}
  4858 | D:5      | Found a transporter.
  4861 | D:5      | Noticed leafyfresh's ghost (weakling OpDe)
  4862 | D:5      | Found a transporter.
  4873 | D:5      | Found a staircase to the Ecumenical Temple.
  4881 | Temple   | Entered the Ecumenical Temple
  5158 | D:5      | Got the Guide on Non-Euclidean Venom
  5215 | D:5      | Reached XP level 9. HP: 61/61 MP: 9/9
  5700 | D:6      | Identified the +10 flail of Hatred {vorpal, rCorr Int+3
                  | Stlth-}
  5858 | D:6      | Found Zekhlaas's Armour Shop.
  6303 | D:6      | Reached skill level 10 in Stealth
  7180 | D:6      | Reached skill level 5 in Dodging
  7938 | D:7      | Reached XP level 10. HP: 55/69 MP: 10/10
  8262 | D:7      | Noticed Joseph
  8278 | D:7      | Killed Joseph
  8279 | D:7      | Reached skill level 11 in Stealth
  8563 | D:8      | Found a burning altar of Makhleb.
  9312 | D:8      | Noticed Grum
  9425 | D:8      | Found a hazy altar of Hepliaklqana.
  9429 | D:8      | Killed Grum
  9818 | D:8      | Found a burning altar of Makhleb.
  9818 | D:8      | Found a hide-covered altar of Uskayaw.
  9823 | D:8      | Found a sacrificial altar of Ru.
  9826 | D:8      | Found an iron altar of Okawaru.
  9829 | D:8      | Found a white marble altar of Elyvilon.
  9833 | D:8      | Found a bloodstained altar of Trog.
  9852 | D:8      | Became a worshipper of Uskayaw the Reveller
  9901 | D:8      | Reached skill level 10 in Short Blades
  9902 | D:8      | Reached * piety under Uskayaw
  9921 | D:8      | Found a shadowy altar of Dithmenos.
  9926 | D:8      | Reached ** piety under Uskayaw
  9928 | D:8      | Reached *** piety under Uskayaw
 10072 | D:9      | Noticed a two-headed ogre
 10104 | D:9      | Demolished by a two-headed ogre

Illustrated notes

Levels and vault maps discovered:
D:1:      mrwooster_arrival_statue_3, layout_loops_ring, serial_shops,
          nicolae_lakefront_shop
D:2:      layout_basic, uniq_sigmund, uniq_jessica
D:3:      layout_loops_ring, grunt_temple_overflow_forces_of_nature,
          minmay_divided_ellipse, uniq_natasha
D:4:      cheibrodos_pilgrimage, layout_rooms, glass_columns_a
D:5:      layout_loops_cross, minmay_temple_entry_statues_fountains,
          gammafunk_ghost_mausoleum, minmay_crystal_room,
          minmay_misc_feat_columns
D:6:      layout_basic, hangedman_decor_peaks_small, nicolae_take_the_stairs,
          grunt_ministairs_1, dreamdust_gnoll_farm
D:7:      layout_loops_cross, nicolae_eternal_life, uniq_joseph
D:8:      layout_rooms, nicolae_hepliaklqana_hazy_memory,
          nicolae_overflow_hallway_of_the_gods, hangedman_feature_mirror,
          lemuel_flamethrower_1, uniq_grum
D:9:      layout_roguey, overflow_temple_1_default, kennysheep_little_box,
          david_lair_shrubbed, ebering_ghost_xom, serial_bayou_ford_a,
          uniq_maggie
Temple:   nicolae_temple_bog_church

Skill      XL: |  1  2  3  4  5  6  7  8  9 10 |
---------------+-------------------------------+-----
Stealth        | 6 7 9 10 11 | 11.8
Short Blades   | 3 4 6 7 9 10 | 10.0
Fighting       | 3 4 5 6 7 |  7.3
Dodging        | 2 3 4 5 6 |  6.5
Throwing       | |  2.0

Action                   |  1- 3 |  4- 6 |  7- 9 | 10-12 || total
-------------------------+-------+-------+-------+-------++-------
Melee: Dagger            |    36 |   120 |   260 |   149 ||   565
       Constrict         |     8 |    22 |    50 |    25 ||   105
       Tentacles         |     5 |    20 |    85 |    55 ||   165
       Punch             |     1 |     1 |     6 |     3 ||    11
Throw: Dart              |       |       |     7 |     3 ||    10
  Use: Scroll            |     4 |     1 |     6 |     1 ||    12
       Potion            |       |     1 |     1 |       ||     2
 Stab: Sleeping          |     9 |    18 |    21 |     9 ||    57
       Distracted        |       |       |     1 |       ||     1
Armor: Skin              |     1 |     7 |     8 |     2 ||    18
Dodge: Dodged            |    15 |    36 |   101 |    57 ||   209
